[Event "Early-Titled-Tuesday-Blitz-September-12-2023"]
[Site "Chess.com"]
[Date "2023.09.12"]
[Round "1"]
[White "Boundless_Strike"]
[Black "maracayo"]
[Result "1/2-1/2"]
[WhiteElo "2650"]
[BlackElo "2379"]
[TimeControl "180+1"]
[EndTime "8:08:10 PDT"]
[Termination "Game drawn - insufficient material"]

1. d3 d6 2. e4 Nf6 3. f4 c5 4.
Nf3 Bg4 5. Be2 Nc6 6. O-O e6 7. Qe1 Bxf3 8. Bxf3 Qb6 9. Kh1 Be7 10. Qg3 g6 11.
Na3 a6 12. Nc4 Qc7 13. e5 Nd7 14. exd6 Bxd6 15. c3 Be7 16. a4 O-O-O 17. a5 Kb8 18. Be3 f5 19. Rfb1 Bf6 20. Ra3 Rhg8 21. b4 cxb4 22.
cxb4 g5 23. b5 axb5 24. Rxb5 gxf4 25. Qxf4 Bg5 26. Qxc7+ Kxc7 27. Bxg5 Rxg5 28. Rab3 Rb8 29. h4 Rgg8 30. Rb1 Nf6 31. Kg1 Ng4 32. Kf1 Rgd8 33.
R5b3 Nge5 34. Be2 Nxc4 35. dxc4 Rd4 36. c5 Nxa5 37. Rc3 Nc6 38. Bf3 Rbd8 39. Re3 e5 40. Bxc6 Kxc6 41. Rxe5 Rd1+ 42. Rxd1 Rxd1+ 43. Ke2 Rd5 44. Re6+ Kxc5 45. Rh6 b5 46. Rxh7 b4 47. Rb7 Kc4 48.
h5 Kc3 49. h6 Rd6 50. h7 Re6+ 51. Kf3 Rh6 52. Kf4 b3 53. Kxf5 b2 54. g4 Rxh7 55. Rb6 Rg7 56. g5 Rxg5+ 57. Kxg5 Kc2 58. Rxb2+ Kxb2 1/2-1/2

[Event "Early-Titled-Tuesday-Blitz-September-12-2023"]
[Site "Chess.com"]
[Date "2023.09.12"]
[Round "1"]
[White "assezde36"]
[Black "ljuks68"]
[Result "1-0"]
[WhiteElo "2814"]
[BlackElo "2460"]
[TimeControl "180+1"]
[EndTime "8:08:12 PDT"]
[Termination "assezde36 won on time"]

1. d4 d5 2. Nf3 Nf6 3. c3 c5 4. dxc5 a5 5. e4 Nxe4 6. Bb5+ Nc6 7. Ne5 Bd7 8. Nxf7 Kxf7 9. Qxd5+ e6 10. Qxe4 Bxc5 11.
O-O Qe7 12. Nd2 Rhf8 13. Qxh7 Rh8 14. Qe4 Rh4 15. Qf3+ Kg8 16. Ne4 Ne5 17. Qg3 Rxe4 18. Bg5 Qf7 19. Bxd7 Nxd7 20. Rad1 Nf6 21. Qf3 Re5 22. h4 Rd5 23. c4 Rd4 24. Rxd4 Bxd4 25. Rd1 e5 26. b3 Rf8 27. Rd2 Nh5 28. Qe2 Ng3 29. Qe1 Qf5 30. Be3 Ne4 31. Re2 Bxe3 32.
Rxe3 Nf6 33. Rxe5 Qg4 34. g3 Rd8 35. Qe2 Rd1+ 36. Kg2 Qxe2 37. Rxe2 Rd7 38. Re5 b6 39. Rb5 Rd6 40. c5 bxc5 41. Rxc5 Ra6 42. Kf3 Kf7 43. a4 Ke6 44. Rb5 Nd5 45. g4 Ke5 46. h5 Rf6+ 47. Kg3 Ra6 48. f3 Kd4 49. g5 Ke5 50. Kg4 Ke6 51.
f4 Ne3+ 52. Kf3 Nd5 53. Rc5 Kd6 54. Rb5 Ke6 55. Kg3 Rb6 56. Rxa5 1-0

[Event "Early-Titled-Tuesday-Blitz-September-12-2023"]
[Site "Chess.com"]
[Date "2023.09.12"]
[Round "1"]
[White "Happy1712Drummer"]
[Black "grzechu96"]
[Result "0-1"]
[WhiteElo "2366"]
[BlackElo "2664"]
[TimeControl "180+1"]
[EndTime "8:08:14 PDT"]
[Termination "grzechu96 won by checkmate"]

1. e4 c5 2. g3 d5 3. exd5 Qxd5 4. Qf3 Qxf3 5. Nxf3 Nf6 6. d3 Nc6 7. Bg2 e6 8. Na3 Be7 9. h3 O-O 10. Be3 Nd5 11.
O-O-O Nxe3 12. fxe3 Bd7 13. Nc4 Bf6 14. g4 g6 15. Nd6 Be7 16. Ne4 f5 17. gxf5 exf5 18. Nc3 Kg7 19. d4 cxd4 20. Nxd4 Bg5 21. Rhe1 Rad8 22.
Nxc6 Bxc6 23. Bxc6 bxc6 24. Rd3 Rxd3 25. cxd3 Re8 26.
Kd2 Kf6 27. Nd1 Bh6 28. Rf1 Ke6 29. Kc3 Kd6 30. Rf3 Re7 31. h4 Bg7+ 32. d4 Kd5 33.
Kd3 Rb7 34. Nc3+ Kd6 35. b3 Re7 36. Na4 Bh6 37. Nc5 Bg7 38. e4 fxe4+ 39. Nxe4+ Kd7 40. Ng5 Bh6 41. Nf7 Bc1 42. Ne5+ Kc7 43. Rf8 c5 44. Rf4 cxd4 45. Re4 Bb2 46. Nc4 Rxe4 47. Kxe4 Bc3 48. Kd3 Kd7 49. Ne5+ Ke6 50. Nf3 Kf5 51.
a3 Kg4 52. Ke4 d3 53. Kxd3 Kxf3 54. Kxc3 h6 55. b4 g5 56. hxg5 hxg5 57. a4 g4 58. b5 g3 59. Kb4 g2 60. Ka5 g1=Q 61. Ka6 Qb6# 0-1

[Event "Early-Titled-Tuesday-Blitz-September-12-2023"]
[Site "Chess.com"]
[Date "2023.09.12"]
[Round "1"]
[White "Vision_64"]
[Black "benny_aizenberg"]
[Result "1-0"]
[WhiteElo "2348"]
[BlackElo "2616"]
[TimeControl "180+1"]
[EndTime "8:08:15 PDT"]
[Termination "Vision_64 won by checkmate"]

1. e4 g5 2. d4 g4 3. Qxg4 d5 4. Qf3 dxe4 5. Qxe4 Bg7 6. Nf3 Nf6 7.
Qd3 c5 8. dxc5 Qa5+ 9. Nc3 O-O 10. Be3 Na6 11. c6 bxc6 12. a3 Nb4 13. Qe2 Nfd5 14.
Bd4 e5 15. Be3 Bf5 16. Rc1 Nxc3 17. bxc3 Na2 18. Qc4 Nxc1 19. Bxc1 e4 20. Nd4 Be6 21. Qb4 Qxb4 22. axb4 Rac8 23. Ba6 Rc7 24. O-O Rd8 25. Bf4 Rcd7 26. Nxc6 Re8 27. Ne5 Bxe5 28. Bxe5 Rd2 29. Bb5 Rc8 30. h3 Bc4 31. Bxc4 Rxc4 32. Ra1 Rxc2 33. Rxa7 h6 34. Ra8+ Kh7 35. Rh8+ Kg6 36. g4 f6 37. Bd4 Rc1+ 38. Kg2 Rc7 39. Rg8+ Rg7 40. Re8 Re1 41. Re6 Rc7 42. Rxf6+ Kh7 43. Kg3 Rd7 44. Kf4 Re2 45. b5 Rb7 46. b6 Re1 47. Rc6 Rf7+ 48. Kg3 Rf3+ 49. Kg2 Rd3 50. b7 Rb1 51. Rb6 Rxb6 52. Bxb6 Rd8 53. Bxd8 e3 54. b8=Q h5 55. Qe5 exf2 56. Qxh5+ Kg8 57. Qg6+ Kf8 58. Qf6+ Kg8 59. Be7 Kh7 60. Qf7+ Kh6 61.
g5# 1-0

[Event "Early-Titled-Tuesday-Blitz-September-12-2023"]
[Site "Chess.com"]
[Date "2023.09.12"]
[Round "1"]
[White "mitrabhaa"]
[Black "fen_fire"]
[Result "1-0"]
[WhiteElo "2849"]
[BlackElo "2476"]
[TimeControl "180+1"]
[EndTime "8:08:18 PDT"]
[Termination "mitrabhaa won by checkmate"]

1. b3 e5 2. Bb2 Nc6 3. c4 Nf6 4.
e3 d5 5. cxd5 Nxd5 6. Nf3 Bd6 7.
Nc3 Nxc3 8. Bxc3 O-O 9. Be2 Qe7 10. d3 b6 11. O-O Bb7 12. Nd2 Rad8 13. Nc4 Bb4 14. Bb2 Qe6 15. a3 Be7 16. Qc2 f6 17. b4 Qd5 18. e4 Qf7 19. Ne3 Kh8 20. b5 Nd4 21. Bxd4 Rxd4 22. Qxc7 Bc5 23. Qxf7 Rxf7 24.
a4 a5 25. Rfd1 g6 26. Bg4 Rf8 27. Be6 Rfd8 28. Bd5 Bc8 29. Bc4 R4d6 30. Nd5 Bb7 31. Rac1 Bxd5 32. Bxd5 Kg7 33. Kf1 Kf8 34. Ke2 Ke7 35.
h4 R6d7 36. Rh1 h6 37. Rh3 Rc7 38. Rg3 g5 39. hxg5 hxg5 40. Rh3 Rdc8 41. Rh7+ Kd6 42. Rh6 Ke7 43. Rch1 Bd4 44. Bc6 Rxc6 45. bxc6 Rxc6 46. Rd1 Rc3 47. Kf3 Ke6 48. Kg4 Rc2 49. Rf1 Rd2 50.
g3 Rxd3 51. f3 Ra3 52. Rc1 Bc5 53. Rc4 Rd3 54. Rh1 Rb3 55. Rd1 Rb2 56. Rcc1 Rb3 57. Rf1 Rb4 58. Ra1 Rb2 59. Kh5 Kf7 60. Rad1 Rh2+ 61. Kg4 Ke6 62. Rd8 Rg2 63. Re8+ Kf7 64. Rc8 Kg6 65. Kh3 Ra2 66. Rd1 Rxa4 67. Rd7 Ra1 68. Kg4 Rg1 69. Rg8+ Kh6 70. Kf5 Rxg3 71. Rg6+ Kh5 72. Rh7# 1-0

[Event "Early-Titled-Tuesday-Blitz-September-12-2023"]
[Site "Chess.com"]
[Date "2023.09.12"]
[Round "1"]
[White "Chessmissile07"]
[Black "Kaua18"]
[Result "1-0"]
[WhiteElo "2909"]
[BlackElo "2501"]
[TimeControl "180+1"]
[EndTime "8:08:20 PDT"]
[Termination "Chessmissile07 won by checkmate"]

1. d4 Nf6 2. c4 e6 3. g3 d5 4. Bg2 h6 5. Nf3 Bd6 6. O-O O-O 7. Nc3 c6 8. Nd2 Re8 9. e4 dxe4 10. Ndxe4 Be7 11. Be3 Nbd7 12. Rc1 Nxe4 13. Nxe4 Nf6 14. Nc3 Bb4 15. Qb3 Ba5 16. Rfd1 Bc7 17. d5 exd5 18. cxd5 cxd5 19. Nxd5 Nxd5 20. Bxd5 Qe7 21. Bxf7+ Qxf7 22. Qxf7+ Kxf7 23. Rxc7+ Re7 24. Rdc1 Be6 25. Rxe7+ Kxe7 26. Rc7+ Kf8 27. Bd4 Bf7 28. Rxb7 Rd8 29. Bc5+ Kg8 30. Rxa7 Rd2 31. g4 Rxb2 32. a4 Rc2 33. Be3 h5 34.
gxh5 Bxh5 35. Kg2 Ra2 36. a5 Bf7 37. Kg3 Ra4 38. a6 Bd5 39. Rd7 Bc6 40. Rd8+ Kh7 41. a7 Bh1 42. Rc8 Kg6 43. Rc7 Kf6 44. Rd7 Ra3 45. Kg4 g6 46. Rd6+ Kf7 47. Bd4 Bf3+ 48. Kf4 Bh5 49. Rd8 Bf3 50. Rd7+ Ke6 51. Rd8 Kf7 52. Be3 Bh1 53. h4 Ra4+ 54. Kg5 Ra5+ 55. Kg4 Be4 56. f3 Bf5+ 57. Kg3 Rxa7 58. Bxa7 Kg7 59.
Bb6 Kh7 60. Kf4 Kh6 61. Bd4 Bb1 62. Rh8# 1-0

[Event "Early-Titled-Tuesday-Blitz-September-12-2023"]
[Site "Chess.com"]
[Date "2023.09.12"]
[Round "1"]
[White "Alexandr_Predke"]
[Black "DvaHrasta"]
[Result "1-0"]
[WhiteElo "2863"]
[BlackElo "2484"]
[TimeControl "180+1"]
[EndTime "8:08:20 PDT"]
[Termination "Alexandr_Predke won on time"]

1. d4 Nf6 2. c4 e6 3. Nc3 Bb4 4. e3 O-O 5. Bd3 d5 6. cxd5 exd5 7. a3 Bd6 8. Qc2 c6 9. Nge2 Re8 10. Bd2 Nbd7 11. f3 c5 12. g4 c4 13. Bf5 g6 14.
g5 Nh5 15. Bg4 Nb6 16. Bxh5 gxh5 17. O-O-O Bd7 18. e4 dxe4 19. fxe4 Bg4 20. Rdf1 Qe7 21. e5 Bc7 22. Ng3 Rad8 23. Qe4 Qd7 24. h3 Be6 25. Nxh5 Qxd4 26. Nf6+ Kf8 27. Qxd4 Rxd4 28. Nxe8 Kxe8 29. Re1 Rh4 30. Re3 Nd7 31. Be1 Rf4 32. Bg3 Rf5 33. Nb5 Bb8 34. Nd6+ Bxd6 35. exd6 Rxg5 36. h4 Rf5 37. Kc2 Nc5 38. Re5 Kd7 39. Rxf5 Bxf5+ 40. Kd1 Bg4+ 41. Kc1 Nd3+ 42. Kc2 f5 43. Rf1 h5 44. Kc3 a5 45. b4 axb4+ 46. axb4 b5 47. Ra1 f4 48. Bh2 Kxd6 49. Ra5 Kc6 50. Ra6+ Kd5 51.
Rb6 f3 52. Bg3 f2 53. Bxf2 Nxf2 54. Rxb5+ Kd6 55. Rb8 Be2 56. Kd4 Bd3 57. Rb6+ Kc7 58.
Rh6 Be2 59. b5 Nd1 60. Kc5 1-0

[Event "Early-Titled-Tuesday-Blitz-September-12-2023"]
[Site "Chess.com"]
[Date "2023.09.12"]
[Round "1"]
[White "Anton_Demchenko"]
[Black "Viacheslav92"]
[Result "1-0"]
[WhiteElo "2960"]
[BlackElo "2516"]
[TimeControl "180+1"]
[EndTime "8:08:21 PDT"]
[Termination "Anton_Demchenko won on time"]

1. e4 e5 2. Nf3 Nc6 3. Bc4 Bc5 4. d3 Nf6 5. O-O a6 6. c3 d6 7. Bb3 Ba7 8. Nbd2 O-O 9. h3 Qe7 10. Re1 Nh5 11. Nf1 Qf6 12. Ne3 Nf4 13. Ng4 Qg6 14.
Bxf4 exf4 15. d4 Bxg4 16. hxg4 Qxg4 17. Qd3 Rae8 18. Re2 Kh8 19. Rae1 Re7 20. Ba4 Nd8 21. b4 Ne6 22. e5 Ng5 23. Nxg5 Qxg5 24. exd6 Rxe2 25.
Rxe2 cxd6 26. Qf3 b5 27. Bb3 Bb8 28. Bd5 h5 29. Re4 f5 30. Re6 g6 31. Kf1 Kg7 32.
Qe2 Kh6 33. Re7 f3 34. Bxf3 d5 35. Bxd5 f4 36. Bf3 Qf5 37. Qe4 Qg5 38. Re6 Rf6 39. Re8 Rf7 40. Rxb8 Re7 41. Qa8 Qh4 42. Rh8+ Kg5 43.
Qd5+ Kf6 44. Qd6+ Kg7 45. Be4 Qh1+ 46. Ke2 Rxe4+ 47. Kf3 Kxh8 48. Qf6+ Kh7 49. Qf7+ Kh8 50. Kxe4 Qxg2+ 51. Ke5 Qf3 52. Kf6 Qc6+ 53. Kg5 Qd5+ 54.
Qxd5 Kh7 55. Qe6 Kg7 56. Qxg6+ Kh8 57. Qf6+ 1-0

[Event "Early-Titled-Tuesday-Blitz-September-12-2023"]
[Site "Chess.com"]
[Date "2023.09.12"]
[Round "1"]
[White "Cambek64"]
[Black "the_chess_child"]
[Result "1-0"]
[WhiteElo "2526"]
[BlackElo "2914"]
[TimeControl "180+1"]
[EndTime "8:08:22 PDT"]
[Termination "Cambek64 won by resignation"]

1. d4 d5 2. c4 e6 3. Nc3 c5 4.
cxd5 cxd4 5. Qa4+ Bd7 6. Qxd4 exd5 7. Nf3 Nf6 8. Qd1 Nc6 9. e3 Bg4 10. Be2 Bd6 11. O-O O-O 12. b3 Qe7 13. Bb2 Rfd8 14.
Nb5 Bc5 15. Rc1 Rac8 16. Nbd4 Bd6 17. Nh4 Bxe2 18. Qxe2 Nxd4 19. Bxd4 Ba3 20. Rxc8 Rxc8 21. Qf3 Ne4 22. Nf5 Qg5 23. h4 Qd8 24. Bxg7 f6 25.
Qg4 Kf7 26. Bh6 Qg8 27. Ng7 Ke7 28. Qh5 Qf7 29. Nf5+ Ke6 30. Ng7+ Ke7 31. Nf5+ Ke6 32. Qg4 Rg8 33. Nd4+ Kd6 34. Nf5+ Kd7 35. Qf4 Qe6 36. g3 Rc8 37. Rd1 Qe5 38. Qg4 Qe6 39. Qg7+ Kc6 40. Nd4+ Kd6 41. Nxe6 Kxe6 42. Qg4+ f5 43. Qf4 Bd6 44.
Qf3 Rc2 45. Bf4 Bc5 46. Qh5 Rxf2 47. Qh6+ Nf6 48. Bg5 Rf3 49. Rf1 Kd7 50. Kg2 Ng4 51. Qxh7+ Kc6 52. Rxf3 1-0

[Event "Early-Titled-Tuesday-Blitz-September-12-2023"]
[Site "Chess.com"]
[Date "2023.09.12"]
[Round "1"]
[White "Massakru"]
[Black "Zohid6"]
[Result "0-1"]
[WhiteElo "2401"]
[BlackElo "2708"]
[TimeControl "180+1"]
[EndTime "8:08:22 PDT"]
[Termination "Zohid6 won by checkmate"]

1. e4 e6 2. d4 d5 3. Nc3 Nf6 4. e5 Nfd7 5. f4 c5 6. Nf3 Nc6 7. Be3 Qb6 8. Na4 Qa5+ 9. c3 b6 10. Be2 Ba6 11. Bxa6 Qxa6 12. b3 Rc8 13. Kf2 Be7 14.
Qe2 Qb7 15. Rac1 O-O 16. Rhf1 f5 17. exf6 Nxf6 18. Ne5 Nxe5 19. dxe5 Ne4+ 20. Kg1 Rf7 21. Qg4 Qc6 22. f5 exf5 23. Rxf5 Rxf5 24. Qxf5 Rf8 25. Qg4 g6 26. Nb2 Rf5 27. Bf4 h5 28. Qf3 Rxf4 29. Qxf4 Bg5 30. Qf1 Be3+ 31. Kh1 Nf2+ 32.
Kg1 Nd3+ 33. Kh1 Nxc1 34. Qf3 Bh6 35. c4 Qe6 36. Qxd5 Qxd5 37. cxd5 Bg7 38. Nc4 Nd3 39. e6 Nf4 40. Ne3 Bd4 41. Nc2 Nxd5 42. g3 Nc7 43. Na3 Nxe6 44. Nb5 a6 45. Nd6 b5 46. Kg2 Kf8 47. Kf3 Ke7 48. Ne4 c4 49. bxc4 bxc4 50. Ke2 Nc5 51. Nd2 c3 52. Nf3 Bf6 53. Kd1 g5 54. Kc2 g4 55. Ne1 Kd6 56. Ng2 Ne6 57.
Ne3 Nd4+ 58. Kd3 c2 59. Nxc2 Nxc2 60. Kxc2 Bd4 61. Kd3 Bg1 62. Ke2 Ke5 63. Kf1 Bd4 64. Kg2 Ke4 65. h3 Ke3 66. hxg4 hxg4 67. a4 a5 68. Kh2 Kf3 69. Kh1 Be5 70. Kh2 Bxg3+ 71. Kg1 Bf2+ 72. Kh2 g3+ 73. Kh3 g2 74. Kh2 g1=Q+ 75. Kh3 Qg2# 0-1

[Event "Early-Titled-Tuesday-Blitz-September-12-2023"]
[Site "Chess.com"]
[Date "2023.09.12"]
[Round "1"]
[White "falzehope0"]
[Black "Byniolus"]
[Result "0-1"]
[WhiteElo "2461"]
[BlackElo "2814"]
[TimeControl "180+1"]
[EndTime "8:08:24 PDT"]
[Termination "Byniolus won by checkmate"]

1. d4 d6 2. e3 Nf6 3. Bd3 Bg4 4. Ne2 e6 5. O-O Be7 6. f4 d5 7.
Nd2 c5 8. c3 Nc6 9. Nf3 O-O 10.
Ne5 Bf5 11. Ng3 Bxd3 12. Qxd3 g6 13. Bd2 Qb6 14. b3 Rfd8 15. Be1 Rac8 16. Bf2 Qa6 17.
Qxa6 bxa6 18. Rac1 a5 19. Rb1 h5 20. Rfc1 h4 21.
Nh1 Ne4 22. Be1 Kg7 23. Nf2 Nd6 24. Kf1 Nf5 25. Ke2 cxd4 26. exd4 Ba3 27. Rd1 Nce7 28. b4 axb4 29. cxb4 Rc2+ 30. Rd2 Nxd4+ 31. Kd3 Rxd2+ 32. Bxd2 Nb5 33. Nd1 Nf5 34. Nc3 Nfd6 35. Na4 Ne4 36. Nc3 Nexc3 37. Bxc3 f6 38. Nf3 Rc8 39. Bd2 h3 40. g3 Kf7 41. g4 Nd6 42. Rb3 Bc1 43. Rc3 Rxc3+ 44. Kxc3 Ne4+ 45. Kd3 Bxd2 46. Nxd2 Nf2+ 47.
Kd4 Nxg4 48. Nf3 Ke7 49. Kc5 Kd7 50. b5 Kc7 51. a4 Nf2 52. a5 Nd3+ 53. Kd4 Nxf4 54.
Ke3 e5 55. Ng1 g5 56. Nf3 g4 57. Ne1 g3 58. Nf3 g2 59. Ng1 f5 60. Kf3 d4 61.
Kg3 d3 62. Kf3 d2 63. b6+ axb6 64. axb6+ Kxb6 65. Ne2 d1=Q 66. Kg3 Qxe2 67. Kh4 Qg4# 0-1

[Event "Early-Titled-Tuesday-Blitz-September-12-2023"]
[Site "Chess.com"]
[Date "2023.09.12"]
[Round "1"]
[White "Niilo1"]
[Black "kuba2006"]
[Result "1/2-1/2"]
[WhiteElo "2275"]
[BlackElo "2567"]
[TimeControl "180+1"]
[EndTime "8:08:24 PDT"]
[Termination "Game drawn by repetition"]

1. e4 Nf6 2. e5 Nd5 3. d4 d6 4.
Nf3 Bg4 5. h3 Bxf3 6. Qxf3 dxe5 7. dxe5 e6 8. Bd3 Nc6 9. Bf4 Nxf4 10. Qxf4 Qd5 11. Be4 Qxe5 12. Qxe5 Nxe5 13. Bxb7 Rb8 14.
Be4 Rxb2 15. Nd2 Bb4 16. Ke2 Bxd2 17. Kxd2 Ke7 18. Rhb1 Rhb8 19. Rxb2 Rxb2 20. Kc3 Rb6 21. g3 f5 22. Bg2 Nf7 23. f4 e5 24. fxe5 Nxe5 25.
Re1 Kf6 26. Bd5 Rd6 27. Bg2 g5 28. Rf1 h6 29. Be4 Ke6 30. Bxf5+ Kd5 31. Rd1+ Kc5 32. Re1 Nf3 33. Re7 Kb6 34. Be4 Ng1 35. h4 Ne2+ 36. Kb2 Nxg3 37. hxg5 Nxe4 38. gxh6 Ng5 39. Rg7 Ne4 40.
h7 Rh6 41. Rg6+ Rxg6 42. h8=Q Nc5 43. Qh7 Rc6 44. Qg8 Na4+ 45. Kb3 Ka5 46. Qd5+ Rc5 47. Qd4 Rc3+ 48. Qxc3+ Nxc3 49. Kxc3 Ka4 50. Kb2 Kb4 51. c3+ Kc4 52. Kc2 a5 53. Kb2 a4 54.
Kc2 a3 55. Kd2 c6 56. Kc2 c5 57. Kd2 Kd5 58. Kc2 c4 59. Kd2 Ke4 60. Ke2 Kf4 61. Kf2 Ke4 62. Ke2 Kf4 63. Kf2 Ke4 64. Ke2 1/2-1/2

[Event "Early-Titled-Tuesday-Blitz-September-12-2023"]
[Site "Chess.com"]
[Date "2023.09.12"]
[Round "1"]
[White "Andreikka"]
[Black "tetrix83"]
[Result "1-0"]
[WhiteElo "2997"]
[BlackElo "2526"]
[TimeControl "180+1"]
[EndTime "8:08:26 PDT"]
[Termination "Andreikka won on time"]

1. Nf3 Nf6 2. b3 g6 3. Bb2 Bg7 4. g4 h6 5. Rg1 d6 6. c4 e5 7. h3 c5 8. d3 Nc6 9. Nc3 Be6 10.
Bg2 Qd7 11. a3 Rb8 12. Nd2 O-O 13. Nde4 Ne8 14. e3 a6 15. Nd5 b5 16. Qc2 Bxd5 17. cxd5 Ne7 18. Ng3 Nf6 19. e4 Nh7 20. Bc1 Rfc8 21.
Be3 Nf6 22. Bf3 Kh7 23. Nf1 Ne8 24. h4 Qc7 25. g5 h5 26. Be2 Qd7 27. Ng3 Nc7 28. Qd1 Rh8 29. b4 Na8 30. bxc5 dxc5 31.
Bxc5 Nb6 32. Rc1 Na4 33. Bb4 Nc8 34. Rc6 Rb6 35. Qc2 Rxc6 36. dxc6 Qc7 37. Bxh5 gxh5 38. Nf5 Na7 39. Qe2 Nxc6 40. Bd6 Qd7 41. Qxh5+ Kg8 42. Qg4 Qe6 43. h5 Nb2 44. Kd2 Nd4 45. Nxd4 Qxg4 46.
Rxg4 exd4 47. h6 Bf8 48. Be5 Rh7 49. Bxd4 Na4 50. f4 Bxa3 51. f5 Bd6 52. Be3 Bb4+ 53. Kc2 Bc5 54. Bd2 Bf8 55. e5 Nc5 56. d4 Nb7 57. d5 Nc5 58. g6 fxg6 59. fxg6 Rc7 60. h7+ Kg7 61. d6 1-0

[Event "Early-Titled-Tuesday-Blitz-September-12-2023"]
[Site "Chess.com"]
[Date "2023.09.12"]
[Round "1"]
[White "Fy_Rakotomaharo"]
[Black "schack_vit"]
[Result "1-0"]
[WhiteElo "2729"]
[BlackElo "2413"]
[TimeControl "180+1"]
[EndTime "8:08:27 PDT"]
[Termination "Fy_Rakotomaharo won by resignation"]

1. Nf3 c5 2. e3 Nc6 3. d4 e6 4. dxc5 Bxc5 5. a3 a5 6. b3 Nf6 7. Bb2 d5 8. Nbd2 O-O 9. Be2 Qe7 10. O-O Rd8 11. c4 d4 12. exd4 Nxd4 13. Nxd4 Bxd4 14.
Bxd4 Rxd4 15. Qc2 e5 16. Nf3 Rf4 17. g3 Bf5 18. Qb2 Rg4 19. Rfe1 Re8 20. Rad1 Re4 21.
Nh4 Rxh4 22. gxh4 Ne4 23. Bf3 Qxh4 24. Qe2 Nc3 25. Qe3 Nxd1 26. Rxd1 h6 27. Rd5 Qf6 28.
Rxa5 e4 29. Bg2 Rd8 30. Rd5 Rxd5 31. cxd5 Qa1+ 32. Bf1 Qxa3 33. Qf4 g6 34. Qb8+ Kh7 35. Qxb7 Qc1 36. Qxf7+ Kh8 37. Qf6+ Kh7 38. d6 Qd2 39. b4 Qd1 40. Qf7+ Kh8 41. Qf6+ Kh7 42. b5 Bh3 43. Qf7+ Kh8 44. Qc4 Bxf1 45. Qxf1 Qxd6 46. Qb1 Qb6 47. Qxe4 Qxb5 48. Qxg6 Qe5 49. Qg3 Qf6 50. Kg2 Kh7 51. Qd3+ Kg8 52. Qg3+ Kh8 53. h4 Kh7 54. Kh2 Kh8 55. f3 Kh7 56. Qg4 Qb2+ 57. Kh3 Qc3 58. Qe4+ Kg7 59. Qg4+ Kh7 60. h5 Qe5 61. Qe4+ Qxe4 62.
fxe4 Kg7 63. Kg4 Kf6 64. Kf4 Ke6 65. e5 1-0

[Event "Early-Titled-Tuesday-Blitz-September-12-2023"]
[Site "Chess.com"]
[Date "2023.09.12"]
[Round "1"]
[White "RCone"]
[Black "LoydBlankenship"]
[Result "1/2-1/2"]
[WhiteElo "2350"]
[BlackElo "2634"]
[TimeControl "180+1"]
[EndTime "8:08:31 PDT"]
[Termination "Game drawn - insufficient material"]

1. e4 e6 2. d4 d5 3. e5 c5 4. c3 Nc6 5. Nf3 Bd7 6. Bd3 Rc8 7.
dxc5 Bxc5 8. O-O Nge7 9. b4 Bb6 10. b5 Na5 11. a4 Bc5 12. Bg5 h6 13. Bh4 g5 14.
Bg3 Qb6 15. Nbd2 Nf5 16. Qe2 Nxg3 17. hxg3 Be7 18. Rac1 h5 19. Nd4 h4 20. gxh4 gxh4 21. Qg4 Kd8 22. Qg7 Kc7 23. Qxf7 Rce8 24. N2f3 Kb8 25.
c4 Rhf8 26. Qh7 Rh8 27. Qg7 Bc8 28. cxd5 exd5 29. e6 h3 30. Qe5+ Bd6 31. Qxd5 hxg2 32. Rfe1 Reg8 33. Ng5 Bf4 34. Rxc8+ Kxc8 35. Ndf3 Kb8 36.
Kxg2 Rd8 37. Qf5 Bd6 38. e7 Rde8 39. Qd7 Qc7 40. Qxc7+ Kxc7 41. Bg6 Nb3 42. Bxe8 Rxe8 43. Nf7 Rxe7 44. Nxd6 Rxe1 45. Nxe1 Kxd6 46. Nc2 Nc5 47.
f4 Nxa4 48. Kf3 Nc3 49. Nd4 Kd5 50. Ke3 Nd1+ 51. Kd3 Nf2+ 52. Ke3 Ng4+ 53. Kd3 Nf6 54. f5 Kc5 55. Ke3 b6 56. Kd3 Kd5 57. Ke3 Ke5 58. Nc6+ Kxf5 59. Nxa7 Ke5 60. Nc8 Nd7 61. Nxb6 Nxb6 62.
Kd3 Kd5 63. Kc3 Kc5 64. Kb3 Nd5 65. Ka4 Kb6 66. Kb3 Nc7 67. Kc2 Nxb5 1/2-1/2

[Event "Early-Titled-Tuesday-Blitz-September-12-2023"]
[Site "Chess.com"]
[Date "2023.09.12"]
[Round "1"]
[White "Cheer_Down"]
[Black "Mikasinski"]
[Result "1/2-1/2"]
[WhiteElo "2390"]
[BlackElo "2676"]
[TimeControl "180+1"]
[EndTime "8:08:32 PDT"]
[Termination "Game drawn - insufficient material"]

1. e4 c5 2. Nf3 d6 3. Bb5+ Bd7 4.
Bxd7+ Qxd7 5. c4 Nc6 6. d4 cxd4 7. Nxd4 Nf6 8. Nc3 g6 9. f3 Bg7 10. Be3 O-O 11. O-O Rfd8 12. Rc1 e6 13. b3 d5 14. Nxc6 bxc6 15. cxd5 cxd5 16. e5 Ne8 17. Bd4 Rac8 18. f4 f6 19. Qe2 f5 20. Na4 Bf8 21. g3 Bb4 22. Qa6 Bd2 23. Rxc8 Qxc8 24. Qxc8 Rxc8 25.
Rd1 Rc2 26. a3 a5 27. Nc5 Kf7 28. Kf1 Nc7 29. Ke2 Bb4+ 30. Kd3 Rxc5 31. axb4 Rb5 32.
Rc1 Na6 33. bxa5 Rxb3+ 34. Rc3 Nb4+ 35. Kd2 Rb2+ 36. Ke3 Nc2+ 37. Kd3 Ne1+ 38. Ke3 Ra2 39. Rc7+ Kg8 40. Bb6 Ra4 41. Re7 d4+ 42. Kd2 Nf3+ 43. Kd3 Ra3+ 44. Ke2 Re3+ 45. Kf2 Ra3 46. a6 Rxa6 47.
Kxf3 Rxb6 48. Rd7 Rb3+ 49. Kf2 d3 50. Ke3 d2+ 51. Kxd2 Rb2+ 52. Ke3 Rxh2 53. Re7 Rb2 54. Rxe6 Rb7 55. Rd6 Kf7 56. Ra6 h6 57. Kf3 Rc7 58. Ra3 g5 59. g4 fxg4+ 60. Kxg4 Rc4 61. Ra7+ Kg6 62. Ra6+ Kh7 63. Rf6 Kg7 64. Rf5 Kg6 65. Rf6+ Kg7 66. Rf5 Ra4 67. Rf6 gxf4 68. Rxf4 h5+ 69. Kg5 Rxf4 70. Kxf4 Kg6 71. Kg3 Kg5 72. e6 Kf6 73. Kh4 Ke7 74. Kxh5 Kxe6 1/2-1/2

[Event "Early-Titled-Tuesday-Blitz-September-12-2023"]
[Site "Chess.com"]
[Date "2023.09.12"]
[Round "1"]
[White "sofaceindisguise"]
[Black "leschebaza"]
[Result "0-1"]
[WhiteElo "2648"]
[BlackElo "2382"]
[TimeControl "180+1"]
[EndTime "8:08:34 PDT"]
[Termination "leschebaza won by resignation"]

1. Nf3 Nf6 2. c4 g6 3. Nc3 Bg7 4. e4 d6 5. d4 O-O 6. Be2 e5 7. O-O Nc6 8. d5 Ne7 9. b4 Nh5 10. Re1 f5 11. Ng5 Nf4 12. Bf3 h6 13. Ne6 Bxe6 14.
dxe6 Nxe6 15. exf5 gxf5 16. Bxb7 Rb8 17. Bd5 Nxd5 18.
Qxd5 Qd7 19. Rb1 Qf7 20. Nb5 a6 21. Na7 Nd4 22. Be3 Qxd5 23. cxd5 Nc2 24. Nc6 Nxe1 25. Nxb8 Nf3+ 26. gxf3 Rxb8 27. a3 Kf7 28. Rc1 Rb7 29. Rc6 f4 30. Bd2 Ra7 31. Kf1 Ke7 32. Ke2 Kd7 33. Kd3 Bf6 34. Ke4 Bh4 35. Be1 Ra8 36.
a4 Kc8 37. h3 Kb7 38. Rc2 Rg8 39. b5 axb5 40. Ba5 Rg7 41. axb5 Bd8 42. b6 cxb6 43.
Bb4 Bc7 44. Rc6 Rg6 45. h4 b5 46. Kf5 Rg2 47. Bxd6 Bxd6 48. Rxd6 Rxf2 49. Kxe5 Rxf3 50.
Rxh6 Rf1 51. Rh7+ Kb6 52. Rh8 f3 53. Ke4 Rd1 54. Rf8 Rh1 55. Rf4 f2 56. Rxf2 Rxh4+ 57. Ke5 Rh1 58. Rc2 Rd1 59. Kd6 b4 60. Rc8 Kb5 61.
Rb8+ Kc4 62. Kc6 b3 63. d6 Kc3 64. d7 b2 65. Rb5 Kc2 66. Rc5+ Kb3 67. Rb5+ Ka3 68.
Rd5 Rxd5 69. Kxd5 b1=Q 70. d8=Q Qd1+ 71. Ke6 Qxd8 0-1

[Event "Early-Titled-Tuesday-Blitz-September-12-2023"]
[Site "Chess.com"]
[Date "2023.09.12"]
[Round "1"]
[White "Akewjon"]
[Black "Juicy_Fork"]
[Result "0-1"]
[WhiteElo "2720"]
[BlackElo "2445"]
[TimeControl "180+1"]
[EndTime "8:08:35 PDT"]
[Termination "Juicy_Fork won by checkmate"]

1. e4 e5 2. Nf3 Nc6 3. Bc4 Nf6 4. d3 Bc5 5. Nc3 d6 6. Na4 Bb6 7. O-O O-O 8. a3 h6 9. h3 Be6 10. Bxe6 fxe6 11. c3 Qe8 12. b4 Nh5 13. Nxb6 axb6 14.
Re1 Nf4 15. Ra2 Qg6 16. Bxf4 Rxf4 17. Re3 Raf8 18. a4 Qf6 19. a5 bxa5 20. b5 Ne7 21. Rxa5 Ng6 22. Ra7 Nh4 23. Nxh4 Qxh4 24. f3 Qg5 25. Qe1 R8f6 26. Rxb7 Rg6 27. Qf2 Rf7 28. Rb8+ Kh7 29. d4 d5 30. exd5 exd4 31. cxd4 Qxd5 32. Re5 Qb3 33. Qe3 Rxf3 34. Qxb3 Rxb3 35. Rb7 Rb1+ 36. Kh2 Rb2 37. Re1 Rgxg2+ 38.
Kh1 Rh2+ 39. Kg1 Rbg2+ 40. Kf1 Rb2 41. Kg1 Rxh3 42. Rxc7 Rxb5 43. Rxe6 Rd3 44. Ree7 Rg5+ 45. Kf2 Rxd4 46. Ke3 Rdd5 47. Kf4 Rdf5+ 48. Ke4 Rf1 49. Kd3 Rd1+ 50. Ke2 Rdg1 51. Re8 R1g2+ 52. Kf3 R2g3+ 53.
Kf4 h5 54. Rcc8 R3g4+ 55. Kf3 Rf5+ 56. Ke3 Rg3+ 57. Ke4 Rf6 58. Rh8+ Kg6 59. Rc5 Rg4+ 60. Ke3 Rg5 61. Rc7 Rg3+ 62. Ke4 Rg4+ 63. Ke3 Re6+ 64. Kf3 Rge4 65. Rg8 Re3+ 66. Kf4 R6e4# 0-1